 Dungeon Crawl Stone Soup version 0.21.1-1-g345015fe64 (webtiles) character file.

2361 RepoMan the Firebug (level 9, -10/57 HPs)
             Began as a Mummy Fire Elementalist on June 5, 2018.
             Was a Believer of Ashenzari.
             Mangled by an enormous slime creature (65 damage)
             ... on level 7 of the Dungeon on June 6, 2018.
             The game lasted 00:55:14 (8813 turns).

RepoMan the Firebug (Mummy Fire Elementalist)       Turns: 8813, Time: 00:55:16

Health: -10/57     AC:  2    Str: 11    XL:     9   Next: 21%
Magic:  5/20       EV: 12    Int: 18    God:    Ashenzari [**....]
Gold:   916        SH:  0    Dex: 12    Spells: 5/23 levels left

rFire    x . .     SeeInvis .   n - +0 quarterstaff (curse)
rCold    + . .     Gourm    .   (shield currently unavailable)
rNeg     + + +     Faith    .   a - +0 robe
rPois    ∞         Spirit   .   (no helmet)
rElec    .         Reflect  .   (no cloak)
rCorr    .         Harm     .   (no gloves)
MR       +....                  (no boots)
Stlth    ++........             (no amulet)
HPRegen  0.19/turn              (no ring)
MPRegen  0.17/turn              (no ring)

@: no status effects
A: no food or potions, fire vulnerability, cold resistance 1, negative energy
resistance 3, torment resistance, unbreathing
a: Curse Item, Scrying, Renounce Religion


You were on level 7 of the Dungeon.
You worshipped Ashenzari.
Ashenzari was pleased with you.
You were not hungry.

You visited 2 branches of the dungeon, and saw 8 of its levels.
You also visited: Sewer and Bailey.

You collected 926 gold pieces.
You spent 10 gold pieces at shops.

Inventory:

Hand Weapons
 n - a cursed +0 quarterstaff (weapon)
Missiles
 i - a throwing net (quivered)
 p - 4 poisoned javelins
Armour
 a - a +0 robe (worn)
Wands
 l - a wand of disintegration (11)
 o - a wand of random effects (32)
Scrolls
 c - 3 scrolls of blinking {unknown}
 d - 6 scrolls of identify {unknown}
 e - a scroll of fear {unknown}
 f - 6 scrolls of remove curse
 g - a scroll of teleportation {unknown}
 h - 2 scrolls of amnesia {unknown}
 j - 2 scrolls of enchant armour {unknown}
 k - a scroll of immolation {unknown}
 m - a scroll of fog {unknown}
 r - a scroll of magic mapping {unknown}
Books
 b - a book of Flames

   Spells                             Type                      Level
   a - Flame Tongue                   Conjuration/Fire             1
   b - Throw Flame                    Conjuration/Fire             2
   c - Conjure Flame                  Conjuration/Fire             3
   d - Inner Flame                    Hexes/Fire                   3
   e - Sticky Flame                   Conjuration/Fire             4
   f - Fireball                       Conjuration/Fire             5
Miscellaneous
 q - a crystal ball of energy


   Skills:
 - Level 1.5 Dodging
 - Level 1.5 Stealth
 + Level 7.8 Spellcasting
 + Level 5.1 Conjurations
 * Level 7.8 Fire Magic


You had 5 spell levels left.
You knew the following spells:

 Your Spells              Type           Power        Failure   Level  Hunger
a - Flame Tongue          Conj/Fire      ####.        1%          1    N/A
c - Conjure Flame         Conj/Fire      ####....     1%          3    N/A
e - Fireball              Conj/Fire      ####......   19%         5    N/A
i - Inner Flame           Hex/Fire       ###.....     6%          3    N/A
s - Sticky Flame          Conj/Fire      ####....     7%          4    N/A
t - Throw Flame           Conj/Fire      ####..       1%          2    N/A

Dungeon Overview and Level Annotations

Branches:
Dungeon (7/15)             Temple (1/1) D:4

Altars:
Ashenzari
Cheibriados
Dithmenos
Elyvilon
Fedhas
Gozag
Hepliaklqana
Kikubaaqudgha
Makhleb
Nemelex Xobeh
Okawaru
Qazlal
Ru
Sif Muna
Trog
Uskayaw
Vehumet
Wu Jian
Xom
Yredelemnul
Zin
The Shining One

Shops:
D:4 (

Annotations:
D:4 2 transporters, exclusion: downstairs


Innate Abilities, Weirdness & Mutations

You do not eat or drink.
Your flesh is vulnerable to fire.
You are immune to poison.
Your flesh is cold resistant. (rC+)
You are immune to negative energy. (rN+++)
You are immune to unholy pain and torment.
You can survive without breathing.


Message History

The enormous slime creature stops burning.
The enormous slime creature is engulfed in blazing flames.
Casting: Flame Tongue
Confirm with . or Enter, or press ? or * to list all spells.
Aiming: Conjure Flame
Press: ? - help, Dir - move target cursor, p - enormous slime creature The fire ignites!
Casting: Conjure Flame
Confirm with . or Enter, or press ? or * to list all spells.
Aiming: Sticky Flame
Press: ? - help, Shift-Dir - straight line, f - enormous slime creature
Aim: an enormous slime creature (flame, heavily wounded)
The sticky flame hits the enormous slime creature.
The enormous slime creature is heavily wounded.
The enormous slime creature is covered in liquid flames!
The enormous slime creature burns!
The enormous slime creature is engulfed in blazing flames.
The enormous slime creature hits you!!!
Ouch! That really hurt!
You die...

,* , #.##.# * ** , * ,,
..#.# ** ,* #., #l#.# *
* * * ##...##.#.#
....JJ....# , ,
#########.####.###
#####................,
#......######..###.#####
* *
#..............J@.......
#.......######.###.#####
* #......## *#.#* # , ,
#......# #.. , #####'##
##.# , #.# * * .. * #.#*
, , #.# #.# + .#, #.#
### , * * ,


You could see an enormous slime creature (burning).

Vanquished Creatures
  Duvessa (D:4)
  A phantom (D:4)
  An ice beast (D:7)
  A black bear (D:6)
  4 orc warriors
  The ghost of Faustar the Chopper, an amateur HOMo (D:4)
  A sky beast (D:5)
  A necrophage (D:5)
  2 ogres
  A centaur (D:4)
  2 big kobolds (D:5)
  A scorpion (D:4)
  Dowan (D:4)
  2 vampire bats (D:4)
  A quasit (D:7)
  A bullfrog zombie (D:5)
  2 hounds
  6 orc wizards
  2 orc priests
  A bullfrog skeleton (D:6)
  An iguana (D:5)
  3 worker ants
  A hound skeleton (D:5)
  8 gnolls
  5 adders
  5 river rats
  3 oozes
  A worm (D:4)
  4 dart slugs
  3 leopard geckos
  11 orcs
  7 giant cockroaches
  6 goblins
  6 hobgoblins
  6 jackals
  25 kobolds
  6 quokkas
  7 ball pythons
  10 bats
  13 frilled lizards
  15 rats
179 creatures vanquished.

Notes
Turn   | Place    | Note
-------+----------+-------------------------------------------
     0 | D:1      | RepoMan the Mummy Fire Elementalist began the quest for the Orb.
     0 | D:1      | Reached XP level 1. HP: 13/13 MP: 4/4
   113 | D:1      | Reached skill level 1 in Conjurations
   184 | D:1      | Reached XP level 2. HP: 19/19 MP: 3/5
   501 | D:1      | Reached XP level 3. HP: 18/24 MP: 4/7
   638 | D:1      | Learned a level 2 spell: Throw Flame
   642 | D:1      | Learned a level 3 spell: Conjure Flame
   894 | D:2      | Found a faded altar of an unknown god.
  1649 | D:3      | Reached XP level 4. HP: 30/30 MP: 3/9
  1658 | D:3      | Learned a level 3 spell: Inner Flame
  1851 | D:3      | Found a shattered altar of Ashenzari.
  1858 | D:3      | Became a worshipper of Ashenzari the Shackled
  2079 | D:4      | Reached XP level 5. HP: 17/35 MP: 1/10
  2261 | D:4      | Found a transporter.
  2268 | D:4      | Noticed an ice beast
  2270 | D:4      | Noticed an ice beast
  2270 | D:4      | Noticed an ice beast
  2270 | D:4      | Noticed an ice beast
  2319 | D:4      | Noticed Faustar's ghost (amateur HOMo)
  2362 | D:4      | Killed Faustar's ghost
  2443 | D:4      | Reached XP level 6. HP: 18/41 MP: 1/12
  3031 | D:4      | Reached skill level 5 in Spellcasting
  3031 | D:4      | Reached skill level 5 in Fire Magic
  3031 | D:4      | Reached XP level 7. HP: 46/46 MP: 0/14
  3315 | D:4      | Learned a level 4 spell: Sticky Flame
  3494 | D:4      | Found a staircase to the Ecumenical Temple.
  3501 | Temple   | Entered the Ecumenical Temple
  3797 | D:4      | Noticed Duvessa
  3799 | D:4      | Noticed Dowan
  3823 | D:4      | Killed Duvessa
  3823 | D:4      | Killed Dowan
  4031 | D:4      | Found a transporter.
  4053 | D:4      | Found Taenauh's Weapon Boutique.
  4059 | D:4      | Bought a cursed +0 quarterstaff for 10 gold pieces
  4071 | D:4      | Reached * piety under Ashenzari
  4332 | D:5      | Entered Level 5 of the Dungeon
  4332 | D:5      | Found a glowing drain.
  4346 | Sewer    | Entered a sewer
  5046 | D:5      | Reached XP level 8. HP: 52/52 MP: 7/17
  6679 | D:5      | Learned a level 5 spell: Fireball
  7268 | D:6      | Reached ** piety under Ashenzari
  7648 | D:7      | Found a flagged portal.
  7707 | Bailey   | Entered a bailey
  7894 | Bailey   | Reached XP level 9. HP: 57/57 MP: 11/20
  8262 | Bailey   | Reached skill level 5 in Conjurations
  8424 | Bailey   | Found a burning altar of Makhleb.
  8813 | D:7      | Mangled by an enormous slime creature

Skill      XL: |  1  2  3  4  5  6  7  8  9 |
---------------+----------------------------+-----
Conjurations   | 1 2 3 4 5 |  5.1
Spellcasting   | 3 4 5 6 7 |  7.8
Fire Magic     | 3 4 5 6 7 |  7.8
Dodging        | |  1.5
Stealth        | |  1.5

Action                   |  1- 3 |  4- 6 |  7- 9 || total
-------------------------+-------+-------+-------++-------
Melee: Staff             |     9 |    13 |    11 ||    33
       Quarterstaff      |       |       |    51 ||    51
 Cast: Flame Tongue      |    78 |    88 |   141 ||   307
       Conjure Flame     |       |     3 |    20 ||    23
       Inner Flame       |       |     2 |     8 ||    10
       Throw Flame       |       |       |    31 ||    31
       Sticky Flame      |       |       |    15 ||    15
Evoke: Wand              |       |     1 |    12 ||    13
 Stab: Sleeping          |       |       |     5 ||     5
Armor: Robe              |     6 |    10 |    12 ||    28
Dodge: Dodged            |    29 |    32 |    69 ||   130
